 Dungeon Crawl Stone Soup version 0.29-a0-271-gd4eb659eea (webtiles) character file.

Game seed: 17688166366610156120

8433 Morbidden the Grappler (level 11, -12/101 HPs)
             Began as a Troll Conjurer on Mar 8, 2022.
             Was an Elder of Cheibriados.
             Mangled by a two-headed ogre
             ... wielding a +0 giant club
              (18 damage)
             ... on level 10 of the Dungeon.
             The game lasted 00:16:40 (10664 turns).

Morbidden the Grappler (Troll Conjurer)            Turns: 10664, Time: 00:16:40

Health: -12/101    AC:  9    Str: 27    XL:     11   Next: 9%
Magic:  0/17       EV: 12    Int: 28    God:    Cheibriados [****..]
Gold:   569        SH:  0    Dex: 18    Spells: 8/19 levels left

rFire   + + .      SeeInvis +     - Unarmed
rCold   . . .      Faith    .   (no shield)
rNeg    + . .      Spirit   +   B - +2 robe of Iqiatefe {rF++ Regen+}
rPois   +          Reflect  .   (helmet restricted)
rElec   .          Harm     .   F - +2 cloak {rPois}
rCorr   .          Rampage  .   (gloves unavailable)
Will    .....                   (boots unavailable)
Stlth   ++........              a - amulet of guardian spirit
HPRegen 1.86/turn               i - ring of positive energy
MPRegen 0.15/turn               n - ring of see invisible

@: very slow
A: large, unfitting armour, claws 3, regeneration 1, shaggy fur 1, tough skin 1
a: Renounce Religion, Bend Time, Temporal Distortion, Slouch


You were on level 10 of the Dungeon.
You worshipped Cheibriados.
Cheibriados was greatly pleased with you.
You visited 2 branches of the dungeon, and saw 11 of its levels.

You collected 569 gold pieces.

Inventory:

Missiles
 o - 2 throwing nets
Armour
 f - the +1 robe of the Eye-covered God {rN+ Archmagi}
   (You took it off an orc wizard on level 3 of the Dungeon)

   rN:        It protects you from negative energy.
   Archmagi:  It increases the power of your magical spells.
 B - the +2 robe of Iqiatefe (worn) {rF++ Regen+}
   (You found it on level 7 of the Dungeon)

   rF:        It greatly protects you from fire.
   Regen:     It increases your rate of health regeneration.
 F - a +2 cloak of poison resistance (worn)
Jewellery
 a - an amulet of guardian spirit (around neck)
 i - a ring of positive energy (left claw)
 n - a ring of see invisible (right claw)
Wands
 k - a wand of flame (29)
 t - a wand of polymorph (14) (quivered)
 y - a wand of iceblast (3)
Scrolls
 c - a scroll of fog
 d - 2 scrolls of blinking
 e - 4 scrolls of teleportation
 g - 3 scrolls of fear
 h - a scroll of magic mapping
 j - a scroll of brand weapon
 l - 2 scrolls of identify
 m - a scroll of summoning
 x - a scroll of vulnerability
 A - a scroll of enchant weapon
Potions
 q - a potion of flight
 r - a potion of attraction {unknown}
 s - a potion of mutation {unknown}
 u - a potion of degeneration {unknown}
 v - a potion of curing
 z - a potion of might {unknown}
 D - a potion of lignification {unknown}
 E - a potion of brilliance {unknown}


   Skills:
 * Level 4.3 Fighting
 * Level 5.5 Dodging
 + Level 1.5 Stealth
 * Level 8.1 Unarmed Combat
 * Level 4.8 Spellcasting
 * Level 6.2 Conjurations
 * Level 1.3 Hexes
 * Level 3.5 Translocations
 * Level 4.1 Invocations


You had 8 spell levels left.
You knew the following spells:

 Your Spells              Type           Power      Damage    Failure   Level
a - Magic Dart            Conj           100%       1d8       1%          1
b - Searing Ray           Conj           82%        2d7       1%          2
x - Fulminant Prism       Conj/Hex       13%        3d9       14%         4
z - Iskenderun's Mystic   Conj/Tloc      34%        2d8       10%         4

Your spell library contained the following spells:

 Spells                   Type           Power      Damage    Failure   Level
 Dazzling Flash           Conj/Hex       54%        N/A       4%          3
 Portal Projectile        Hex/Tloc       40%        N/A       8%          3
 Inner Flame              Hex/Fire       10%        N/A       16%         3
 Cause Fear               Hex            7%         N/A       36%         4
 Blade Hands              Tmut           3%         N/A       88%         5
 Excruciating Wounds      Necr           3%         N/A       88%         5
 Discord                  Hex            7%         N/A       100%        8


Dungeon Overview and Level Annotations

Branches:
Dungeon (10/15)            Temple (1/1) D:5            Lair (0/6) D:8
    Orc: D:9-12

Altars:
Ashenzari
Cheibriados
Dithmenos
Elyvilon
Hepliaklqana
Kikubaaqudgha
Makhleb
Okawaru
Ru
Trog
Wu Jian
Xom
Yredelemnul
Zin
The Shining One

Shops:
D:8 =

Annotations:
D:10 Lodul


Innate Abilities, Weirdness & Mutations

You are too large for most types of armour.
You have claws for hands.
Your natural rate of healing is unusually fast.
You are covered in fur. (AC +1)
You have tough skin. (AC +1)


Message History

You can no longer step out of the flow of time.
Cheibriados lowers the support of your attributes as your movement quickens.
The two-headed ogre hits you with a +0 giant spiked club.
The two-headed ogre hits you with a +0 dire flail!
The two-headed ogre barely misses you.
The two-headed ogre hits you with a +0 giant club!!
The two-headed ogre misses you.
The two-headed ogre hits you with a +0 giant club!
Unknown command.
Unknown command.
You don't have enough magic at the moment.
Unknown command.
Unknown command.
Unknown command.
Unknown command.
Unknown command.
You feel much better.
The two-headed ogre hits you with a +0 giant club!
The two-headed ogre closely misses you.
The two-headed ogre hits you with a +0 giant spiked club!!
* * * LOW HITPOINT WARNING * * *
The two-headed ogre closely misses you.
The two-headed ogre hits you with a +0 giant club!
* * * LOW HITPOINT WARNING * * *
The two-headed ogre closely misses you.
Unknown command.
Magic courses through your body.
Unknown command.
Unknown command.
Unknown command.
Activating: Slouch (28% risk of failure)
Press: ? - help, Dir - look around, f - activate You fail to use your ability.
The two-headed ogre closely misses you.
The two-headed ogre hits you with a +0 dire flail.
* * * LOW HITPOINT WARNING * * *
The two-headed ogre barely misses you.
The two-headed ogre hits you with a +0 giant club!
* * * LOW HITPOINT WARNING * * *
The two-headed ogre hits you with a +0 giant club!!
You die...

#..# #..# #..# #..#
#O.# #OO# #OO#
################@O#
..................#
#################.#
# .# # .# ########
.# ........ .#
........ .#
########


You could see Lodul and 5 two-headed ogres.

Vanquished Creatures
  A gargoyle (D:10)
  2 trolls
  3 wyverns
  13 yaks
  5 water moccasins
  3 ice beasts
  2 orc warriors
  A swamp drake (D:8)
  A black bear (D:4)
  2 sky beasts (D:5)
  3 ogres
  4 wolves (D:8)
  3 centaurs
  6 phantoms
  Blork the orc (D:5)
  5 bullfrogs
  A gnoll sergeant (D:8)
  2 necrophages
  2 wyvern zombies (D:6)
  2 scorpions
  A water moccasin zombie (D:6)
  4 wights
  5 killer bees (D:8)
  A howler monkey (D:7)
  2 electric eels (D:8)
  2 centaur zombies (D:6)
  4 bullfrog zombies (D:6)
  5 hounds
  2 jellies
  5 orc priests
  A centaur skeleton (D:6)
  3 iguanas
  13 orc wizards
  3 killer bee zombies (D:6)
  12 adders
  14 gnolls
  A howler monkey skeleton (D:6)
  3 shadow imps
  2 ufetubi
  3 worms
  2 dart slugs
  32 orcs
  10 ball pythons
  5 endoplasms
  3 giant cockroaches
  4 goblins
  8 hobgoblins
  3 jackals (D:1)
  5 kobolds
  3 quokkas
  4 bats
  4 frilled lizards
  7 rats
238 creatures vanquished.

Vanquished Creatures (others)
  4 fulminant prisms
  A fungus (D:9)
  A withered plant (D:6)
6 creatures vanquished.

Grand Total: 244 creatures vanquished

Notes
Turn   | Place    | Note
-------+----------+-------------------------------------------
     0 | D:1      | Morbidden the Troll Conjurer began the quest for the Orb.
     0 | D:1      | Reached XP level 1. HP: 16/16 MP: 1/1
   191 | D:1      | Reached XP level 2. HP: 24/24 MP: 2/2
   718 | D:1      | Reached XP level 3. HP: 31/31 MP: 4/4
  1148 | D:2      | Found a faded altar of an unknown god.
  1453 | D:2      | Learned a level 2 spell: Searing Ray
  1663 | D:3      | Reached skill level 1 in Unarmed Combat
  1776 | D:3      | Reached XP level 4. HP: 40/40 MP: 0/5
  1982 | D:3      | Identified the +1 robe of the Eye-covered God {rN+
                  | Archmagi}
  2128 | D:3      | Reached XP level 5. HP: 27/40 MP: 0/6
  2144 | D:3      | Reached skill level 1 in Fighting
  2190 | D:3      | You fall into a shaft and drop 3 floors!
  2225 | D:6      | Reached skill level 2 in Unarmed Combat
  2236 | D:5      | Entered Level 5 of the Dungeon
  2236 | D:5      | Noticed a water moccasin
  2274 | D:5      | Killed a water moccasin
  2275 | D:5      | Reached XP level 6. HP: 34/55 MP: 1/7
  2374 | D:5      | Found a staircase to the Ecumenical Temple.
  2384 | Temple   | Entered the Ecumenical Temple
  2492 | Temple   | Became a worshipper of Cheibriados the Contemplative
  2657 | D:4      | Reached skill level 3 in Unarmed Combat
  2723 | D:4      | Learned a level 4 spell: Iskenderun's Mystic Blast
  2783 | D:4      | Found a basalt altar of Yredelemnul.
  2951 | D:3      | Found a broken altar of Ashenzari.
  2977 | D:3      | Reached XP level 7. HP: 62/62 MP: 3/9
  3278 | D:3      | Reached * piety under Cheibriados
  3867 | D:4      | Reached skill level 1 in Invocations
  4020 | D:4      | Reached skill level 4 in Unarmed Combat
  4020 | D:4      | Reached skill level 1 in Translocations
  4160 | D:4      | Reached ** piety under Cheibriados
  4319 | D:4      | Reached XP level 8. HP: 46/74 MP: 1/10
  4596 | D:5      | Found a glowing golden altar of the Shining One.
  5209 | D:5      | Noticed Blork the orc
  5217 | D:5      | Killed Blork the orc
  5218 | D:5      | Reached skill level 5 in Unarmed Combat
  5220 | D:5      | Reached skill level 5 in Conjurations
  5723 | D:5      | Reached XP level 9. HP: 73/80 MP: 6/12
  5723 | D:5      | Reached *** piety under Cheibriados
  6270 | D:6      | Reached **** piety under Cheibriados
  6510 | D:6      | Found an iron altar of Okawaru.
  6631 | D:6      | Found a burning altar of Makhleb.
  6738 | D:7      | Learned a level 4 spell: Fulminant Prism
  7037 | D:7      | Reached skill level 6 in Unarmed Combat
  7280 | D:7      | Found a shadowy altar of Dithmenos.
  7811 | D:7      | Identified the +2 robe of Iqiatefe {rF++ Regen+}
  7941 | D:8      | Noticed a troll
  8244 | D:8      | Reached XP level 10. HP: 90/91 MP: 3/15
  8536 | D:8      | Found a staircase to the Lair.
  9023 | D:8      | Found Uwneugov's One-of-a-Kind Rings.
  9043 | D:8      | Reached ***** piety under Cheibriados
  9044 | D:8      | Reached skill level 5 in Dodging
  9044 | D:8      | Reached skill level 1 in Hexes
  9102 | D:8      | Found an ornate altar of the Wu Jian Council.
  9102 | D:8      | Noticed Maurice
  9103 | D:8      | Noticed Maurice
  9103 | D:8      | Maurice changed into Maurice the swamp drake
  9119 | D:8      | Killed Maurice the swamp drake
  9598 | D:9      | Reached skill level 7 in Unarmed Combat
  9720 | D:9      | Found a shimmering altar of Xom.
  9721 | D:9      | Found a hazy altar of Hepliaklqana.
  9722 | D:9      | Noticed a two-headed ogre
 10421 | D:10     | Entered Level 10 of the Dungeon
 10468 | D:10     | Reached XP level 11. HP: 81/100 MP: 10/17
 10537 | D:10     | Reached skill level 8 in Unarmed Combat
 10655 | D:10     | Noticed Lodul
 10655 | D:10     | Noticed a two-headed ogre
 10655 | D:10     | Noticed a two-headed ogre
 10655 | D:10     | Noticed a two-headed ogre
 10655 | D:10     | Noticed a two-headed ogre
 10655 | D:10     | Noticed a two-headed ogre
 10664 | D:10     | Mangled by a two-headed ogre

Illustrated notes

Levels and vault maps discovered:
D:1:      grunt_arrival_crossed_arrows, layout_loops_ring
D:2:      layout_basic, shapermc_ecumenical_altar_totnotflames,
          grunt_ministairs_1
D:3:      layout_basic, ashenzari_altar_1, kennysheep_generic_room_8
D:4:      layout_basic, nicolae_overflow_hidden_temple,
          hangedman_minor_gate_pass
D:5:      layout_basic, mainiacjoe_overflow_surrounded_room,
          minmay_temple_entry_purple_smoke, uniq_blork_the_orc
D:6:      layout_cave_pools, lightli_temple_of_fire, okawaru_trees_2,
          serial_undead, serial_undead_d, serial_undead_a, serial_undead_c,
          serial_undead_e, serial_undead_c, serial_undead_c, serial_undead_e,
          serial_undead_a
D:7:      layout_basic, nicolae_dithmenos_through_a_glass_darkly
D:8:      layout_loops_ring, nicolae_wu_jian_glorious_leap, erik_lair_island,
          nicolae_shop_unique_rings, bh_walls_and_bars, uniq_maurice
D:9:      layout_loops_ring, regret_index_temple_of_mockery, fungi_pond_lemuel
D:10:     layout_long_grid, vehumet_crystals, fedhas_altar_2,
          amcnicky_altar_gilded, minmay_orc_entry_temple_small, uniq_josephine,
          uniq_lodul, uniq_gastronok
Temple:   jpeg_temple_alley_garden

Skill      XL: |  1  2  3  4  5  6  7  8  9 10 11 |
---------------+----------------------------------+-----
Conjurations   | 3 4 5 6 |  6.2
Dodging        | 2 3 4 5 |  5.5
Unarmed Combat | 1 2 3 4 5 6 7 8 |  8.1
Fighting       | 1 2 3 4 |  4.3
Spellcasting   | 2 3 4 |  4.8
Invocations    | 1 2 3 4 |  4.1
Translocations | 1 2 3 |  3.5
Hexes          | 1 |  1.3
Stealth        | |  1.5

Action                   |  1- 3 |  4- 6 |  7- 9 | 10-12 || total
-------------------------+-------+-------+-------+-------++-------
Melee: Unarmed           |    94 |    82 |   187 |   153 ||   516
       Punch             |     1 |       |     4 |    13 ||    18
 Cast: Magic Dart        |    47 |    53 |   188 |    29 ||   317
       Searing Ray       |       |     2 |    28 |     8 ||    38
       Iskenderun's Myst |       |       |     9 |     9 ||    18
       Fulminant Prism   |       |       |     3 |     1 ||     4
Invok: Slouch            |       |       |       |     2 ||     2
Evoke: Wand              |       |       |       |     2 ||     2
  Use: Potion            |       |     1 |     2 |     2 ||     5
       Scroll            |       |       |     3 |     9 ||    12
 Stab: Sleeping          |       |       |       |     2 ||     2
Armor: Robe              |    40 |    41 |   131 |    58 ||   270
Dodge: Dodged            |    40 |    33 |   193 |   113 ||   379

Table legend: (Time is in decaauts)
 A = Elapsed time spent in this place.
 B = Non-inter-level travel time spent in this place.
 C = Inter-level travel time spent in this place.
 D = Time resting spent in this place.
 E = Time spent auto-exploring this place.
 F = Levels seen in this place.
 G = Mean time per level.
                   A        B        C        D        E       F      G
               +--------+--------+--------+--------+--------+-----+--------+
         Total |  13141 |  12542 |    599 |    632 |   9974 |  11 | 1194.6 |
       Dungeon |  13001 |  12433 |    568 |    632 |   9884 |  10 | 1300.1 |
        Temple |    140 |    110 |     30 |      0 |     90 |   1 |  140.0 |
               +--------+--------+--------+--------+--------+-----+--------+

Top non-repeatable levels by time:
     D:8: 2102 daAuts
     D:7: 1745 daAuts
     D:5: 1705 daAuts
     D:9: 1579 daAuts
     D:4: 1475 daAuts
     D:3: 1401 daAuts
     D:6: 1064 daAuts
     D:1: 951 daAuts
     D:2: 689 daAuts
    D:10: 286 daAuts
  Temple: 140 daAuts
